 Dungeon Crawl Stone Soup version 0.29.0 (webtiles) character file.

Game seed: 9799195670704925103

144 Dorkslayer the Trooper (level 5, -6/42 HPs)
             Began as a Demonspawn Fighter on Sept 13, 2022.
             Killed by nerve-wracking pain
             ... invoked by Grinder
              (14 damage)
             ... on level 3 of the Dungeon.
             The game lasted 00:04:30 (1786 turns).

Dorkslayer the Trooper (Demonspawn Fighter)         Turns: 1786, Time: 00:04:30

Health: -6/42      AC: 12    Str: 18    XL:     5   Next: 5%
Magic:  14/14      EV: 11    Int:  9    God:
Gold:   79         SH:  4    Dex: 13    Spells: 4/4 levels left

rFire   . . .      SeeInvis .   a - +0 long sword
rCold   . . .      Faith    .   c - +0 buckler
rNeg    . . .      Spirit   .   u - +0 chain mail
rPois   .          Reflect  .   (no helmet)
rElec   .          Harm     .   (no cloak)
rCorr   .          Rampage  .   l - +0 pair of gloves
Will    .....                   (no boots)
Stlth   ..........              n - amulet of the acrobat
HPRegen 0.14/turn               i - ring of magical power
MPRegen 0.28/turn               s - +4 ring of evasion

@: no status effects
A: claws 1, yellow scales 1, spiny 1, magic regeneration
a: no special abilities


You were on level 3 of the Dungeon.
You visited 1 branch of the dungeon, and saw 3 of its levels.

You collected 79 gold pieces.

Inventory:

Hand Weapons
 a - a +0 long sword (weapon)
Armour
 c - a +0 buckler (worn)
 l - a +0 pair of gloves (worn)
 u - a +0 chain mail (worn)
Jewellery
 i - a ring of magical power (left hand)
 n - an amulet of the acrobat (around neck)
 s - a +4 ring of evasion (right hand)
Scrolls
 b - a scroll of fear {unknown}
 e - a scroll of fog {unknown}
 h - 2 scrolls of identify {unknown}
 j - 2 scrolls of enchant armour {unknown}
 k - a scroll of torment {unknown}
 o - 4 scrolls of teleportation {unknown}
 q - a scroll of vulnerability {unknown}
 t - 3 scrolls of noise {unknown}
Potions
 d - 2 potions of might
 f - a potion of degeneration {unknown}
 g - a potion of curing
 m - 2 potions of heal wounds {unknown}
 p - a potion of cancellation {unknown}
 r - 2 potions of ambrosia {unknown}
 v - a potion of flight {unknown}


   Skills:
 + Level 4.0 Fighting
 + Level 3.0 Long Blades
 + Level 3.3 Armour
 * Level 1.1 Dodging
 + Level 3.0 Shields


You had 4 spell levels left.
You didn't know any spells.
Your spell library contained the following spells:

 Spells                   Type           Power      Damage    Failure   Level
 Slow                     Hex            0%         N/A       100%        1
 Sting                    Tmut/Pois      0%         1d3       100%        1
 Poisonous Vapours        Pois/Air       0%         N/A       100%        2
 Confusing Touch          Hex            0%         N/A       100%        3
 Ozocubu's Armour         Ice            0%         N/A       100%        3
 Vampiric Draining        Necr           0%         2d6       100%        3
 Olgreb's Toxic Radiance  Pois           0%         N/A       100%        4
 Ozocubu's Refrigeration  Ice            0%         4d7       100%        7


Dungeon Overview and Level Annotations

Branches:
Dungeon (3/15)

Altars:
Ashenzari
Dithmenos
Makhleb
Ru
Uskayaw
Wu Jian

Annotations:
D:3 Grinder


Innate Abilities, Weirdness & Mutations

You have sharp fingernails.
You are partially covered in yellow scales. (AC +2)
You are partially covered in sharp spines.
You regenerate magic rapidly.


Message History

You can move again.
You hit Grinder.
Grinder is severely wounded.
Grinder is struck by your spines. Grinder hits you.
You writhe in agony.
You barely miss Grinder.
Grinder is severely wounded.
Grinder hits you.
You writhe in agony.
You closely miss Grinder.
Grinder is severely wounded.
Grinder says, "Make like a tree!"
You block Grinder's attack. Grinder is struck by your spines.
Grinder hits you but does no damage.
You barely miss Grinder.
Grinder is almost dead.
Grinder gestures at you.
You suddenly lose the ability to move!
Grinder hits you but does no damage. x2
You can move again.
You closely miss Grinder.
Grinder is almost dead.
Grinder is struck by your spines. Grinder hits you but does no damage. x2
You closely miss Grinder.
Grinder is almost dead.
Grinder hits you.
* * * LOW HITPOINT WARNING * * *
You writhe in agony.
* * * LOW HITPOINT WARNING * * *
You barely miss Grinder.
Grinder is almost dead.
Grinder hits you but does no damage.
Unknown command.
You barely miss Grinder.
Grinder is almost dead.
Grinder barely misses you.
Unknown command.
You closely miss Grinder.
Grinder is almost dead.
Grinder gestures at you. Pain shoots through your body!
You die...

##########
#........#
#........#
#........#
#........#
+..@5....#
#####†.......#
...#........#
####.#.########
+......#####
####...#...#
#...#.#.#
#..#...#.#.#
......>.....#


You could see Grinder.

Vanquished Creatures
  A black bear (D:3)
  2 adders (D:2)
  3 ball pythons
  2 endoplasms
  A giant cockroach (D:1)
  2 goblins
  4 hobgoblins
  4 quokkas
  5 bats
  2 frilled lizards (D:2)
  3 kobolds
  2 rats
31 creatures vanquished.

Notes
Turn   | Place    | Note
-------+----------+-------------------------------------------
     0 | D:1      | Dorkslayer the Demonspawn Fighter began the quest for the
                  | Orb.
     0 | D:1      | Reached XP level 1. HP: 18/18 MP: 1/1
   272 | D:1      | Gained mutation: You are partially covered in sharp spines.
                  | [demonic ancestry]
   272 | D:1      | Reached XP level 2. HP: 23/24 MP: 2/2
   335 | D:1      | Found a faded altar of an unknown god.
   806 | D:2      | Gained mutation: You are partially covered in yellow
                  | scales. (AC +2) [demonic ancestry]
   806 | D:2      | Reached XP level 3. HP: 24/29 MP: 3/3
  1547 | D:3      | Noticed a black bear
  1547 | D:3      | Found a broken altar of Ashenzari.
  1547 | D:3      | Found an ornate altar of the Wu Jian Council.
  1547 | D:3      | Found a sacrificial altar of Ru.
  1547 | D:3      | Found a hide-covered altar of Uskayaw.
  1549 | D:3      | Found a burning altar of Makhleb.
  1550 | D:3      | Found a shadowy altar of Dithmenos.
  1554 | D:3      | Killed a black bear
  1555 | D:3      | Reached skill level 4 in Fighting
  1555 | D:3      | Reached skill level 1 in Dodging
  1555 | D:3      | Gained mutation: You regenerate magic rapidly. [demonic
                  | ancestry]
  1555 | D:3      | Reached XP level 4. HP: 37/37 MP: 4/4
  1555 | D:3      | Gained mutation: You have sharp fingernails. [demonic
                  | ancestry]
  1555 | D:3      | Reached XP level 5. HP: 42/42 MP: 5/5
  1752 | D:3      | Noticed Grinder
  1760 | D:3      | Paralysed by Grinder for 2 turns
  1765 | D:3      | Paralysed by Grinder for 3 turns
  1772 | D:3      | Paralysed by Grinder for 2 turns
  1779 | D:3      | Paralysed by Grinder for 3 turns
  1786 | D:3      | Killed from afar by Grinder

Illustrated notes

Levels and vault maps discovered:
D:1:      wander_arrival_desolate, layout_loops_ring,
          hellmonk_ecumenical_altar_crossroads
D:2:      layout_loops_corners, hangedman_abyss_or_decor_lesser_grid,
          minmay_circled_x
D:3:      layout_basic, mainiacjoe_overflow_alcove_1,
          grunt_temple_overflow_open, uniq_grinder

Skill      XL: |  1  2  3 |
---------------+----------+-----
Long Blades    | 2 3 |  3.0
Armour         | 3 |  3.3
Fighting       | 4 |  4.0
Dodging        | 1 |  1.1
Shields        | 3 |  3.0

Action                   |  1- 3 |  4- 6 || total
-------------------------+-------+-------++-------
Melee: Long sword        |    54 |    24 ||    78
  Use: Potion            |       |     1 ||     1
Armor: Scale mail        |    21 |       ||    21
       Chain mail        |       |     9 ||     9
Dodge: Dodged            |    27 |     8 ||    35
Block: Buckler           |    16 |     4 ||    20
